 Dungeon Crawl Stone Soup version 0.27.1-36-g1b1ada6b1e (webtiles) character file.

Game seed: 2537831675238398988

6990 KleinerIrrer the Brawler (level 11, -5/67 HPs)
             Began as an Octopode Delver on Feb 5, 2023.
             Was an Initiate of Gozag.
             Slain by Urug (22 damage)
             ... on level 10 of the Dungeon.
             The game lasted 00:35:25 (9322 turns).

KleinerIrrer the Brawler (Octopode Delver)          Turns: 9322, Time: 00:35:26

Health: -5/67      AC:  1    Str: 14    XL:     11   Next: 8%
Magic:  11/11      EV: 17    Int: 14    God:    Gozag
Gold:   888        SH:  7    Dex: 13    Spells: 10/10 levels left

rFire    + . .     SeeInvis .     - Unarmed
rCold    . . .     Faith    .   s - +2 buckler
rNeg     + . .     Spirit   .   (helmet restricted)
rPois    +         Reflect  .   o - amulet of regeneration
rElec    .         Harm     .   l - ring of willpower
rCorr    +         Rampage  .   w - ring of flight
Will     +....                  y - ring of poison resistance
Stlth    ++++......             B - +4 ring of evasion
HPRegen  1.21/turn              I - ring of resist corrosion
MPRegen  0.12/turn              K - ring of protection from fire
                                b - ring of positive energy
                                (no ring)

@: gold aura, flying, studying Summonings
A: almost no armour, amphibious, 8 rings, camouflage 1, gelatinous body 1,
(nimble swimmer 1), tentacles
a: Renounce Religion, Potion Petition, Call Merchant, Bribe Branch


You were on level 10 of the Dungeon.
You worshipped Gozag.
Gozag was pleased with you.
You visited 2 branches of the dungeon, and saw 11 of its levels.
You visited the Abyss 1 time.
You also visited: Sewer, Ossuary and Bailey.

You collected 2608 gold pieces.
You spent 501 gold pieces at shops.
You paid 1219 gold pieces to Gozag.

Inventory:

Missiles
 c - 4 throwing nets
 x - a curare-tipped dart
 C - 25 poisoned darts (quivered)
 L - 88 boomerangs
Armour
 s - a +2 buckler (worn)
Jewellery
 b - a ring of positive energy (on tentacle)
 k - an amulet of magic regeneration
 l - a ring of willpower (left tentacle)
 o - an amulet of regeneration (around mantle)
 w - a ring of flight (right tentacle)
 y - a ring of poison resistance (on tentacle)
 B - a +4 ring of evasion (on tentacle)
 I - a ring of resist corrosion (on tentacle)
 K - a ring of protection from fire (on tentacle)
Wands
 e - a wand of digging (3)
 i - a wand of iceblast (6)
 r - a wand of paralysis (6)
 G - a wand of charming (13)
Scrolls
 a - 3 scrolls of fog
 f - 4 scrolls of teleportation
 h - a scroll of amnesia
 n - 5 scrolls of magic mapping
 p - a scroll of immolation
 q - a scroll of silence {unknown}
 t - 2 scrolls of enchant armour
 J - 2 scrolls of vulnerability {unknown}
Potions
 d - 3 potions of haste
 g - 3 potions of flight
 m - 2 potions of cancellation
 u - 2 potions of invisibility
 v - 6 potions of curing
 z - a potion of berserk rage
 A - a potion of attraction
 D - 2 potions of might
 E - 4 potions of brilliance
 F - 2 potions of resistance
 H - 3 potions of lignification
 M - 6 potions of mutation
 N - 4 potions of heal wounds
 O - a potion of ambrosia {unknown}
Miscellaneous
 P - a lightning rod (4/4)


   Skills:
 - Level 3.0 Fighting
 - Level 1.0 Throwing
 - Level 2.0 Dodging
 - Level 6.6 Stealth
 - Level 4.0 Shields
 + Level 15.3 Unarmed Combat


You had 10 spell levels left.
You didn't know any spells.
Your spell library contained the following spells:

 Spells                   Type           Power      Damage    Failure   Level
 Magic Dart               Conj           0%         1d3       28%         1
 Searing Ray              Conj           0%         3d3       41%         2
 Fulminant Prism          Conj/Hex       0%         3d6       96%         4
 Iskenderun's Mystic Bla  Conj/Tloc      0%         2d3       96%         4
 Lee's Rapid Deconstruct  Erth           0%         3d5*      100%        5


Dungeon Overview and Level Annotations

Branches:
Dungeon (10/15)            Temple (1/1) D:4           Sewer (visited)
Ossuary (visited)          Bailey (visited)
   Lair: D:8-11         Orc: D:9-12

Altars:
Ashenzari
Cheibriados
Dithmenos
Elyvilon
Gozag
Hepliaklqana
Kikubaaqudgha
Makhleb
Nemelex Xobeh
Okawaru
Qazlal
Ru
Sif Muna
Uskayaw
Vehumet
Wu Jian
Xom
Yredelemnul
The Shining One

Shops:
D:1 [*   D:10 *!

Annotations:
D:3 Purgy
D:9 Erolcha
D:10 Sonja, Urug


Innate Abilities, Weirdness & Mutations

You cannot wear most types of armour.
You are amphibious.
You can wear up to eight rings at the same time.
Your skin changes colour to match your surroundings (Stealth+).
Your rubbery body absorbs attacks. (AC +1, EV +1)
((You are camouflaged near water. (Stealth+)))
You have tentacles for arms and can constrict up to eight enemies at once.


Message History

You grab the orc.
You constrict the orc, but do no damage.
The orc struggles to escape constriction.
Urug is distracted by your dazzling golden aura.
Urug shouts!
You bludgeon the orc!
You kill the orc!
The orc wizard points at you and mumbles some strange words.
The magic dart hits you!
The orc wizard gestures at you while chanting.
The magic dart hits you.
Items here: $ )) [[.
You bludgeon the orc wizard! You grab the orc wizard.
You tentacle-slap the orc wizard.
The orc wizard is almost dead.
You constrict the orc wizard. The orc hits you with a +0 dagger.
The orc wizard hits you with a +0 dagger.
You bludgeon the orc wizard!
You kill the orc wizard!
Urug is no longer distracted by gold.
The orc misses you.
You bludgeon the orc!
You kill the orc!
Urug misses you.
Things that are here:
7 gold pieces; a +0 dagger You miss Urug.
You grab Urug. You constrict Urug, but do no damage. You block Urug's attack.
You bludgeon Urug!
You tentacle-slap Urug, but do no damage.
Urug is lightly wounded.
You constrict Urug, but do no damage.
Urug hits you with a +0 vampiric broad axe!!
* * * LOW HITPOINT WARNING * * *
Urug draws strength from your wounds!
As you read the scroll of summoning, it crumbles to dust.
Wisps of shadow whirl around you...
You constrict Urug.
Sonja, the Graceful Assassin comes into view.
She is wielding a +0 short sword of venom and quivering curare-tipped darts.
Urug hits you with a +0 vampiric broad axe!!
You die...
Your body crumbles into a pile of gold.

.....#..................##
....##.....∩.............##
##........∩...........#...#
##.........<..............#
...#.......>..y........####
..###............##....#
..###..........$##.....###**
..........##.##yZ#.......#.*
.........##..##$@..........#**
..........#..###o.y.........,**
#............#.c.##$.#......,,*
#....................#......,,**
#........##.##...........#..,,,*
.........#####.<........####,,**
###......#*,,##.....h....#******
**##.......,,*#...........,*,,,*
*,..........,*#.....#..o..,,,,,*


You could see Urug (ally target), 3 friendly vampire mosquitoes, a friendly
centaur (summoned) and a friendly centaur zombie (summoned).

Vanquished Creatures
  Harold (D:9)
  2 two-headed ogres
  A troll (D:9)
  A wraith (D:7)
  A wyvern (D:10)
  2 vampire mosquitoes (D:10)
  Grum (D:9)
  A steam dragon (D:8)
  An acid dragon (D:9)
  2 water moccasins
  3 orc warriors
  An ice beast (D:7)
  A necrophage (D:7)
  3 ogres
  2 centaurs
  A phantom (D:4)
  3 elf zombies (Ossuary)
  2 gnoll sergeants (D:9)
  2 kobold brigands
  A scorpion (D:7)
  10 wights
  2 howler monkeys (D:10)
  An electric eel (D:9)
  A bullfrog zombie (D:6)
  5 gnoll shamans
  11 hounds
  5 orc priests
  2 centaur skeletons (D:7)
  A bullfrog skeleton (D:5)
  2 iguanas (D:6)
  6 orc wizards
  2 hound zombies
  A hound skeleton (D:4)
  4 mummies (Ossuary)
  A howler monkey zombie (D:9)
  39 gnolls
  8 adders
  A river rat (D:4)
  3 white imps
  An ufetubus (D:6)
  2 worms
  3 dart slugs
  18 orcs
  5 endoplasms
  2 giant cockroaches (D:4)
  A gnoll zombie (Ossuary)
  6 goblins
  17 hobgoblins
  15 jackals
  6 quokkas
  10 ball pythons
  3 bats
  3 frilled lizards (Sewer)
  2 jackal zombies (Ossuary)
  22 kobolds
  A kobold zombie (Ossuary)
  An orc zombie (Ossuary)
  8 rats
  3 rat zombies (Ossuary)
266 creatures vanquished.

Vanquished Creatures (others)
  A fungus (D:2)
  5 toadstools (D:2)
6 creatures vanquished.

Grand Total: 272 creatures vanquished

Notes
Turn   | Place    | Note
-------+----------+-------------------------------------------
     0 | D:5      | KleinerIrrer the Octopode Delver began the quest for the
                  | Orb.
     0 | D:5      | Reached XP level 1. HP: 16/16 MP: 1/1
   115 | D:5      | Noticed an orc priest
   133 | D:5      | Reached XP level 2. HP: 21/21 MP: 2/2
   144 | D:5      | Reached skill level 3 in Unarmed Combat
   144 | D:5      | Reached XP level 3. HP: 10/26 MP: 3/3
   584 | D:5      | Reached skill level 4 in Unarmed Combat
   635 | D:5      | Reached XP level 4. HP: 27/31 MP: 4/4
   734 | D:5      | Noticed an ogre
   827 | D:4      | Found a glowing drain.
   837 | Sewer    | Entered a sewer
   859 | Sewer    | Noticed a water moccasin
   865 | Sewer    | Killed a water moccasin
   866 | Sewer    | Reached skill level 5 in Unarmed Combat
   866 | Sewer    | Reached XP level 5. HP: 20/36 MP: 5/5
  1108 | Sewer    | Reached skill level 6 in Unarmed Combat
  1162 | Sewer    | Reached XP level 6. HP: 42/42 MP: 6/6
  1341 | D:4      | Found a staircase to the Ecumenical Temple.
  1350 | Temple   | Entered the Ecumenical Temple
  2479 | D:1      | Found a faded altar of an unknown god.
  2589 | D:1      | Found Kim Genn's General Store.
  2607 | D:1      | Bought a potion of heal wounds for 50 gold pieces
  2607 | D:1      | Bought a scroll of blinking for 75 gold pieces
  2607 | D:1      | Bought a potion of cancellation for 80 gold pieces
  2607 | D:1      | Bought a scroll of teleportation for 30 gold pieces
  2734 | D:1      | Found Byssamist's Armour Shop.
  2858 | D:3      | Found a stormy altar of Qazlal.
  2984 | D:3      | Noticed Purgy
  3163 | D:4      | Reached skill level 7 in Unarmed Combat
  3312 | D:4      | Reached XP level 7. HP: 37/46 MP: 7/7
  3688 | D:5      | Reached skill level 8 in Unarmed Combat
  4152 | D:6      | Reached skill level 9 in Unarmed Combat
  4152 | D:6      | Reached XP level 8. HP: 40/52 MP: 8/8
  4193 | D:6      | Found an opulent altar of Gozag.
  4218 | D:6      | Became a worshipper of Gozag Ym Sagoz the Greedy
  4848 | D:7      | Reached skill level 10 in Unarmed Combat
  4875 | D:7      | Found a sand-covered staircase.
  4880 | Ossuary  | Entered an ossuary
  4944 | Ossuary  | Reached skill level 1 in Throwing
  5237 | D:7      | Reached skill level 11 in Unarmed Combat
  5237 | D:7      | Reached XP level 9. HP: 29/56 MP: 9/9
  5389 | D:7      | Found a sacrificial altar of Ru.
  5493 | D:7      | Noticed a two-headed ogre
  5513 | D:7      | Killed a two-headed ogre
  5514 | D:7      | Reached skill level 12 in Unarmed Combat
  5798 | D:7      | Reached skill level 1 in Shields
  5798 | D:7      | Reached skill level 13 in Unarmed Combat
  6565 | D:8      | Reached XP level 10. HP: 61/63 MP: 10/10
  7102 | D:9      | Noticed Erolcha
  7106 | D:9      | Cast into level 2 of the Abyss (Erolcha)
  7106 | Abyss:2  | Found a corrupted altar of Lugonu.
  7178 | Abyss:2  | Noticed a worldbinder
  7182 | Abyss:2  | Noticed a shining eye
  7183 | Abyss:2  | Noticed a thrashing horror
  7190 | Abyss:2  | Noticed a purple very ugly thing
  7192 | Abyss:2  | Noticed a bog body
  7193 | Abyss:2  | Noticed a bog body
  7195 | Abyss:2  | HP: 2/63 [bog body/bolt of cold[a worldbinder] (22)]
  7222 | D:9      | Escaped the Abyss
  7943 | D:9      | Noticed Grum
  7944 | D:9      | Noticed a two-headed ogre
  7979 | D:9      | Noticed Harold
  7995 | D:9      | Killed Harold
  7996 | D:9      | Reached skill level 14 in Unarmed Combat
  8068 | D:9      | Killed a two-headed ogre
  8203 | D:9      | Killed Grum
  8670 | D:10     | Entered Level 10 of the Dungeon
  8716 | D:10     | Found a flagged portal.
  8725 | Bailey   | Entered a bailey
  8881 | Bailey   | Reached skill level 15 in Unarmed Combat
  8890 | Bailey   | Reached XP level 11. HP: 67/67 MP: 11/11
  9202 | D:10     | Bought a scroll of identify for 28 gold pieces
  9202 | D:10     | Bought a scroll of noise for 14 gold pieces
  9202 | D:10     | Bought a potion of curing for 42 gold pieces
  9203 | D:10     | Acquired 780 gold pieces
  9225 | D:10     | Bought a potion of degeneration for 13 gold pieces
  9225 | D:10     | Bought a potion of mutation for 104 gold pieces
  9228 | D:10     | Bought a potion of heal wounds for 65 gold pieces
  9310 | D:10     | Noticed Urug
  9322 | D:10     | Noticed Sonja
  9322 | D:10     | Slain by Urug

Illustrated notes

Levels and vault maps discovered:
D:1:      dpeg_arrival_windows_large_door, layout_basic, serial_shops,
          nicolae_shop_trees, nicolae_shop_statue_plus,
          ebering_ecumenical_altar_mist, hex_intersection,
          minmay_shallow_snake_nest
D:2:      layout_basic, minmay_gold_behind_fungi, st_stairs_7,
          minmay_hexomino_p4
D:3:      layout_basic, mainiacjoe_overflow_divided_tiny, lemuel_round_altar,
          uniq_ijyb, uniq_purgy
D:4:      layout_basic, minmay_temple_entry_waves, portal_sewer_entry_e,
          kennysheep_generic_room_2
D:5:      layout_layer_cave
D:6:      layout_rooms, lemuel_doored_altar, feat_on_display
D:7:      layout_rooms, nicolae_ru_awakened_eye, enter_ossuary_2,
          minmay_manual_moon
D:8:      layout_basic
D:9:      layout_cave_pools, serial_gnoll_camp, gnoll_camp_mini_hut,
          gnoll_camp_huts_moat, gnoll_camp_mini_hut, grums_kennel,
          gnoll_camp_mini_loothouse, uniq_harold, uniq_erolcha
D:10:     layout_cave_pools, kennysheep_little_box, enter_bailey_8, uniq_urug,
          uniq_sonja
Temple:   nicolae_temple_x_marks_the_god

Skill      XL: |  1  2  3  4  5  6  7  8  9 10 |
---------------+-------------------------------+-----
Unarmed Combat | 3 4 5 6 7 9 11 13 15 | 15.3
Throwing       | 1 |  1.0
Shields        | 1 4 |  4.0
Fighting       | |  3.0
Dodging        | |  2.0
Stealth        | |  6.6

Action                   |  1- 3 |  4- 6 |  7- 9 | 10-12 || total
-------------------------+-------+-------+-------+-------++-------
Melee: Unarmed           |    15 |   181 |   214 |   240 ||   650
       Tentacles         |     6 |    30 |    37 |    24 ||    97
       Constrict         |     5 |    36 |    44 |    47 ||   132
       Punch             |       |     8 |    22 |    24 ||    54
Throw: Throwing net      |       |       |     2 |       ||     2
       Dart              |       |       |    30 |    23 ||    53
Invok: Call Merchant     |       |       |       |     2 ||     2
Evoke: Wand              |       |       |       |    11 ||    11
  Use: Scroll            |       |     1 |    15 |    10 ||    26
       Potion            |       |     1 |     3 |     5 ||     9
 Stab: Sleeping          |       |    25 |     9 |     3 ||    37
       Distracted        |       |     1 |     1 |     1 ||     3
       Held in net/web   |       |       |     2 |       ||     2
       Paralysed         |       |       |       |    10 ||    10
Armor: Skin              |       |    17 |    10 |     3 ||    30
Dodge: Dodged            |     7 |    72 |   133 |   146 ||   358
Block: Buckler           |       |     6 |    37 |    70 ||   113
